 Dungeon Crawl Stone Soup version 0.29.1-2-gbd0b4ee654 (webtiles) character file.

Game seed: 14933479860622913960

373 GeoRichter the Chopper (level 6, -10/47 HPs)
             Began as a Demonspawn Fighter on Nov 9, 2022.
             Mangled by an ogre
             ... wielding a +0 giant club
              (31 damage)
             ... on level 4 of the Dungeon.
             The game lasted 00:03:37 (4361 turns).

GeoRichter the Chopper (Demonspawn Fighter)         Turns: 4361, Time: 00:03:38

Health: -10/47     AC:  8    Str: 18    XL:     6   Next: 43%
Magic:  6/6        EV:  9    Int:  9    God:
Gold:   162        SH:  4    Dex: 13    Spells: 5/5 levels left

rFire   . . .      SeeInvis .   a - +0 war axe
rCold   . . .      Faith    .   c - +0 buckler
rNeg    . . .      Spirit   .   b - +0 scale mail
rPois   .          Reflect  .   k - +0 helmet
rElec   .          Harm     .   (no cloak)
rCorr   .          Rampage  .   e - +0 pair of gloves
Will    .....                   (no boots)
Stlth   ..........              (no amulet)
HPRegen 0.15/turn               (no ring)
MPRegen 0.10/turn               (no ring)

@: no status effects
A: weakness stinger 2
a: no special abilities


You were on level 4 of the Dungeon.
You visited 1 branch of the dungeon, and saw 4 of its levels.

You collected 162 gold pieces.

Inventory:

Hand Weapons
 a - a +0 war axe (weapon)
 q - a +0 morningstar
   (You took it off an orc on level 3 of the Dungeon)
Missiles
 n - 5 poisoned darts (quivered)
Armour
 b - a +0 scale mail (worn)
 c - a +0 buckler (worn)
 e - a +0 pair of gloves (worn)
   (You found it on level 1 of the Dungeon)
 k - a +0 helmet (worn)
   (You found it on level 2 of the Dungeon)
Scrolls
 g - a scroll of torment {unknown}
 i - 3 scrolls of identify {unknown}
 j - 2 scrolls of teleportation {unknown}
 p - a scroll of acquirement {unknown}
 s - a scroll of noise {unknown}
Potions
 d - a potion of might
 f - a potion of mutation {unknown}
 h - a potion of heal wounds {unknown}
 l - a potion of haste {unknown}
 m - 2 potions of lignification {unknown}
 o - 2 potions of curing {unknown}
 r - a potion of flight {unknown}


   Skills:
 - Level 3.0 Fighting
 * Level 6.3 Axes
 - Level 2.6 Armour
 - Level 2.6 Shields


You had 5 spell levels left.
You didn't know any spells.
Your spell library was empty.

Dungeon Overview and Level Annotations

Branches:
Dungeon (4/15) Zot: 19549
 Temple: D:4-7

Altars:


Innate Abilities, Weirdness & Mutations

You have a tail ending in a sharp stinger.


Message History

You completely miss the ball python. You block the ball python's attack.
The ball python grabs you. The ball python constricts you.
You hit the ball python.
The ball python bites you but does no damage.
The ball python constricts you.
You hit the ball python.
You kill the ball python!
An adder comes into view.
The adder bites you.
You are poisoned.
The adder poisons you!
An adder is nearby!
An adder is nearby!
You barely miss the adder.
Your tail-slap misses the adder.
You feel sick. The adder bites you but does no damage.
You slash the adder!
You kill the adder!
You feel sick.
No target in view!
No target in view!
You feel sick.
You feel sick.
You are no longer poisoned.
There is a stone staircase leading up here.
Found an escape hatch in the ceiling.
There is an escape hatch in the ceiling here.
An ogre comes into view. It is wielding a +0 giant club.
The ogre shouts!
An ogre is nearby!
An ogre is nearby!
An ogre is nearby!
Found a sling.
An endoplasm comes into view.
The endoplasm quivers.
You barely miss the ogre. You tail-slap the ogre.
The ogre hits you with a +0 giant club!
You slash the ogre!
Your tail-slap misses the ogre.
The ogre barely misses you. The ogre attacks as you move away!
The ogre closely misses you.
You hit the endoplasm.
You kill the endoplasm!
You barely miss the ogre.
You tail-slap the ogre, but do no damage.
The ogre closely misses you.
You barely miss the ogre.
Your tail-slap misses the ogre.
The ogre hits you with a +0 giant club!
* * * LOW HITPOINT WARNING * * *
You hit the ogre but do no damage.
The ogre hits you with a +0 giant club!!
Ouch! That really hurt!
You die...

#. .## ##.## #. #.#
##.## ##.. ... #.##
... #.. ...####.#
#..#.# #......##
#..#.####.#######.##
#......)...........##
#.#O# #########..
#.#@####.# ###
#........# #
###.###### # #.#### #
#....# # ####<## #
#...############
#...............
#...############


You could see an ogre.

Vanquished Creatures
  An ogre (D:3)
  A necrophage (D:4)
  A hound (D:4)
  Robin (D:2)
  6 adders
  A worm (D:3)
  4 dart slugs
  11 orcs (D:3)
  4 bats
  8 endoplasms
  4 giant cockroaches
  17 goblins
  6 hobgoblins
  13 jackals
  3 quokkas
  9 ball pythons
  A frilled lizard (D:2)
  6 kobolds
  6 rats
103 creatures vanquished.

Notes
Turn   | Place    | Note
-------+----------+-------------------------------------------
     0 | D:1      | GeoRichter the Demonspawn Fighter began the quest for the
                  | Orb.
     0 | D:1      | Reached XP level 1. HP: 18/18 MP: 1/1
    41 | D:1      | Reached skill level 2 in Axes
   175 | D:1      | Gained mutation: You have a small tail. [demonic ancestry]
   175 | D:1      | Reached XP level 2. HP: 23/24 MP: 2/2
   418 | D:1      | Reached skill level 3 in Axes
   629 | D:1      | Reached XP level 3. HP: 18/29 MP: 3/3
  1419 | D:2      | Gained mutation: You have a tail ending in a sharp stinger.
                  | [demonic ancestry]
  1419 | D:2      | Reached XP level 4. HP: 23/35 MP: 4/4
  1439 | D:2      | Reached skill level 4 in Axes
  1670 | D:2      | Noticed Robin
  1699 | D:2      | Killed Robin
  1823 | D:2      | Found a faded altar of an unknown god.
  2685 | D:3      | Reached XP level 5. HP: 41/41 MP: 5/5
  2866 | D:3      | Noticed an ogre
  2889 | D:3      | Killed an ogre
  2890 | D:3      | Reached skill level 5 in Axes
  3768 | D:4      | Reached XP level 6. HP: 39/47 MP: 6/6
  3929 | D:4      | Reached skill level 6 in Axes
  4361 | D:4      | Mangled by an ogre

Illustrated notes

Levels and vault maps discovered:
D:1:      dpeg_arrival_rooms_c, layout_loops_corners
D:2:      layout_loops_ring, chequers_ecumenical_altar_simple, minmay_vboxes,
          uniq_robin
D:3:      layout_basic, minivault_26
D:4:      mumra_celtic_spiral_tile, layout_loops_ring,
          nicolae_gozag_cash_rules_everything_around_me, zin_purify,
          uniq_eustachio

Skill      XL: |  1  2  3  4  5  6 |
---------------+-------------------+-----
Axes           | 2 3 4 5 6 |  6.3
Fighting       | |  3.0
Armour         | |  2.6
Shields        | |  2.6

Action                   |  1- 3 |  4- 6 || total
-------------------------+-------+-------++-------
Melee: War axe           |    95 |   173 ||   268
       Tailslap          |     7 |     9 ||    16
Throw: Dart              |       |     2 ||     2
Armor: Scale mail        |    53 |    65 ||   118
Dodge: Dodged            |    40 |    75 ||   115
Block: Buckler           |    29 |    40 ||    69
